 Dungeon Crawl Stone Soup version 0.27-a0-965-gbf8bb431c4 (webtiles) character file.

Game seed: 11686507791282170824

1568 wakim the Blocker (level 8, -4/71 HPs)
             Began as a Minotaur Fighter on Apr 12, 2021.
             Was a Follower of Wu Jian.
             Slain by a yak (13 damage)
             ... on level 4 of the Dungeon.
             The game lasted 00:12:09 (5603 turns).

wakim the Blocker (Minotaur Fighter)                Turns: 5603, Time: 00:12:10

Health: -4/71      AC:  9    Str: 24    XL:     8   Next: 59%
Magic:  7/7        EV:  6    Int: 11    God:    Wu Jian [*.....]
Gold:   211        SH: 17    Dex:  9    Spells: 7/7 levels left

rFire    . . .     SeeInvis .   a - +1 flail
rCold    . . .     Faith    .   d - +0 tower shield
rNeg     . . .     Spirit   .   b - +0 scale mail
rPois    .         Reflect  .   (helmet restricted)
rElec    .         Harm     .   m - +0 cloak
rCorr    .         Rampage  .   (no gloves)
Will     .....                  (no boots)
Stlth    ..........             (no amulet)
HPRegen  0.21/turn              f - +6 ring of intelligence
MPRegen  0.10/turn              (no ring)

@: no status effects
A: horns 2, retaliatory headbutt
a: Renounce Religion


You were on level 4 of the Dungeon.
You worshipped Wu Jian.
Wu Jian was aware of your devotion.
You visited 2 branches of the dungeon, and saw 7 of its levels.

You collected 211 gold pieces.

Inventory:

Hand Weapons
 a - a +1 flail (weapon)
Missiles
 c - 25 poisoned darts (quivered)
 i - 8 boomerangs
Armour
 b - a +0 scale mail (worn)
 d - a +0 tower shield (worn)
 m - a +0 cloak (worn)
Jewellery
 f - a +6 ring of intelligence (left hand)
Wands
 x - a wand of iceblast (3)
Scrolls
 R - a scroll of magic mapping {!r}
 X - a scroll of fog
Potions
 e - 3 potions of curing {unknown}
 g - a potion of cancellation {unknown}
 h - a potion of lignification {unknown}
 j - 2 potions of berserk rage {unknown}
 k - a potion of haste {unknown}
 l - a potion of flight {unknown}
 J - 2 potions of heal wounds
 N - 2 potions of might


   Skills:
 + Level 6.3 Fighting
 * Level 7.9 Maces & Flails
 + Level 6.4 Armour
 * Level 8.3 Shields


You had 7 spell levels left.
You didn't know any spells.
Your spell library was empty.

Dungeon Overview and Level Annotations

Branches:
Dungeon (6/15)             Temple (1/1) D:5

Altars:
Ashenzari
Cheibriados
Dithmenos
Gozag
Hepliaklqana
Kikubaaqudgha
Nemelex Xobeh
Okawaru
Ru
Sif Muna
Trog
Uskayaw
Vehumet
Wu Jian
Xom
Yredelemnul
Zin
The Shining One


Innate Abilities, Weirdness & Mutations

You have a pair of horns on your head.
You reflexively headbutt those who attack you in melee.


Message History

Aim: a water moccasin (severely wounded, 38% to hit)
You throw a poisoned dart.
The poisoned dart barely misses the water moccasin.
The poisoned dart barely misses the yak.
You feel sick. You block the water moccasin's attack.
The water moccasin bites you but does no damage.
Throw: 26 darts (poison)
Press: ? - help, Q - select action, (/) - cycle Shift-Dir - straight line, f/p - water moccasin
Aim: a water moccasin (severely wounded, 35% to hit)
You throw a poisoned dart.
The poisoned dart hits the water moccasin.
The water moccasin is severely wounded.
You feel sick.
You are no longer poisoned.
The water moccasin bites you.
* * * LOW HITPOINT WARNING * * *
You block the water moccasin's attack.
Okay, then.
Unknown command.
You hit the water moccasin but do no damage.
Your headbutt misses the water moccasin.
The water moccasin is severely wounded.
You block the water moccasin's attack. x2
You barely miss the water moccasin.
Your headbutt misses the water moccasin.
The water moccasin is severely wounded.
You block the water moccasin's attack. The water moccasin barely misses you.
You furiously retaliate!
You headbutt the water moccasin! You sock the water moccasin!
You kill the water moccasin!
The Council accepts your kill.
You can now lightly attack monsters by moving around them.
There is a stone staircase leading up, spattered with blood here.
The yak gores you!
* * * LOW HITPOINT WARNING * * *
You climb upwards.
There is a stone staircase leading down here.
You see here 4 large rocks {=f}.
The yak gores you!
You die...

######...#####
##....... #.......
##[......
#######>.####..
##.......## #..
##(####....####..
##Y## ##........#
##@## #..#######
#..# #.## #..##
##.#
##..#####..#####
##..........).####
#..........####..#
###.####.....#
##.# ##..##
##..#.## ##. #.>##
#.###.## #.


You could see a yak.

Vanquished Creatures
  2 yaks (D:5)
  A water moccasin (D:5)
  A black bear (D:4)
  2 ogres (D:5)
  A phantom (D:5)
  The ghost of gus3d the Sneak, an amateur OpMo (D:3)
  2 bullfrogs
  4 scorpions (D:5)
  A water moccasin skeleton (D:5)
  A bullfrog zombie (D:5)
  A centaur zombie (D:4)
  2 hounds
  2 iguanas (D:5)
  7 adders
  A shadow imp (D:5)
  A worm (D:4)
  4 dart slugs
  An orc (D:3)
  9 endoplasms
  4 giant cockroaches
  8 hobgoblins
  10 jackals
  3 quokkas
  7 ball pythons
  5 bats
  2 frilled lizards (D:2)
  9 goblins
  7 kobolds
  3 rats
102 creatures vanquished.

Notes
Turn   | Place    | Note
-------+----------+-------------------------------------------
     0 | D:1      | wakim the Minotaur Fighter began the quest for the Orb.
     0 | D:1      | Reached XP level 1. HP: 19/19 MP: 0/0
   310 | D:1      | Reached XP level 2. HP: 27/27 MP: 1/1
   711 | D:1      | Reached skill level 4 in Shields
   993 | D:2      | Reached XP level 3. HP: 33/33 MP: 2/2
  1478 | D:2      | Reached XP level 4. HP: 40/40 MP: 3/3
  1693 | D:3      | Found a runed translucent door.
  1694 | D:3      | Noticed gus3d's ghost (amateur OpMo)
  2574 | D:3      | Killed gus3d's ghost
  2575 | D:3      | Reached skill level 5 in Shields
  2575 | D:3      | Reached XP level 5. HP: 42/47 MP: 4/4
  2638 | D:3      | Found a basalt altar of Yredelemnul.
  3257 | D:4      | Reached XP level 6. HP: 49/53 MP: 5/5
  3412 | D:4      | Reached skill level 5 in Maces & Flails
  3412 | D:4      | Reached skill level 5 in Armour
  3859 | D:5      | Entered Level 5 of the Dungeon
  3865 | D:5      | Reached skill level 5 in Fighting
  3865 | D:5      | Reached skill level 6 in Shields
  4028 | D:5      | Found a staircase to the Ecumenical Temple.
  4051 | Temple   | Entered the Ecumenical Temple
  4236 | Temple   | Became a worshipper of the Wu Jian Council
  4279 | D:5      | Reached XP level 7. HP: 60/61 MP: 6/6
  4335 | D:5      | Found a bloodstained altar of Trog.
  4379 | D:5      | Found a shimmering altar of Xom.
  4380 | D:5      | Found a radiant altar of Vehumet.
  4895 | D:5      | Reached skill level 7 in Shields
  5043 | D:5      | Reached XP level 8. HP: 70/70 MP: 7/7
  5391 | D:5      | Reached skill level 8 in Shields
  5584 | D:5      | Reached * piety under Wu Jian
  5603 | D:4      | Slain by a yak

Illustrated notes

Levels and vault maps discovered:
D:1:      lemuel_arrival_room, layout_loops_ring
D:2:      layout_basic
D:3:      layout_loops_cross, general_overflow_altar,
          hellmonk_ghost_happy_afterlife, moated_statue, st_stairs_1
D:4:      layout_layer_cave
D:5:      layout_loops_cross, chequers_temple_overflow_statue_of_worship,
          trog_hazing_becter, minmay_temple_entry_poolview
D:6:      layout_rooms, nicolae_overflow_hidden_temple, uniq_duvessa,
          uniq_eustachio
Temple:   eino_temple_water

Skill      XL: |  1  2  3  4  5  6  7  8 |
---------------+-------------------------+-----
Maces & Flails | 3 4 5 6 7 |  7.9
Armour         | 4 5 6 |  6.4
Shields        | 4 5 6 7 8 |  8.3
Fighting       | 4 5 6 |  6.3

Action                   |  1- 3 |  4- 6 |  7- 9 || total
-------------------------+-------+-------+-------++-------
Melee: Flail             |    94 |   102 |   116 ||   312
       Headbutt          |     9 |    20 |    22 ||    51
Throw: Dart              |       |    11 |    13 ||    24
       Boomerang         |       |     1 |       ||     1
Invok: Lunge             |       |       |     4 ||     4
Evoke: Wand              |       |       |     7 ||     7
  Use: Scroll            |     5 |     6 |       ||    11
Armor: Scale mail        |    46 |    37 |    38 ||   121
Dodge: Dodged            |    17 |    14 |    29 ||    60
Block: Kite shield       |     4 |       |       ||     4
       Tower shield      |    85 |    85 |   132 ||   302

Table legend: (Time is in decaauts)
 A = Elapsed time spent in this place.
 B = Non-inter-level travel time spent in this place.
 C = Inter-level travel time spent in this place.
 D = Time resting spent in this place.
 E = Time spent auto-exploring this place.
 F = Levels seen in this place.
 G = Mean time per level.
                   A        B        C        D        E       F      G
               +--------+--------+--------+--------+--------+-----+--------+
         Total |   5785 |   5363 |    422 |    352 |   4072 |   7 |  826.4 |
       Dungeon |   5588 |   5176 |    412 |    352 |   3895 |   6 |  931.3 |
        Temple |    196 |    186 |     10 |      0 |    177 |   1 |  196.0 |
               +--------+--------+--------+--------+--------+-----+--------+

Top non-repeatable levels by time:
     D:4: 1474 daAuts
     D:5: 1347 daAuts
     D:2: 971 daAuts
     D:1: 918 daAuts
     D:3: 871 daAuts
  Temple: 196 daAuts
     D:6: 5 daAuts
